Map: Dusk Towers

Players

Jennifer - Winner!

  • Race: Zerg Zerg
  • League: Diamond

LilDicky

  • Race: Terran Terran
  • League: Diamond

VOD

http://www.twitch.tv/tumescentpie

Description

Time

  • Played on: Dec. 20, 2015, 11:42 a.m.
  • Length: 5:03
Show
View Real Time Build Order
Export as new Build Order

Jennifer Zerg - Winner!

Build Orders: Hatch First, Zergling Baneling 

Get SALT Encoding   

  12  0:03  Drone  
  13  0:08  Drone  
  14  0:17  Overlord  
  14  0:23  Extractor  
  14  0:24  Drone  
  15  0:36  Drone x2  
  17  0:51  Drone  
  18  0:57  Hatchery  
  18  0:59  Drone  
  18  1:12  Drone  
  18  1:13  Extractor  
  18  1:18  Spawning Pool  
  17  1:20  Drone  
  18  1:29  Drone  
  19  1:40  Overlord  
  19  1:51  Drone  
  20  2:05  Drone  
  20  2:06  Queen  
  23  2:15  Metabolic Boost, Zergling x2  
  23  2:25  Hatchery  
  22  2:33  Queen  
  24  2:37  Drone  
  25  2:46  Queen  
  27  2:55  Drone x2  
  27  2:57  Drone  
  30  2:59  Zergling x2  
  30  3:02  Drone  
  32  3:10  Zergling x4  
  34  3:14  Zergling x2  
  34  3:17  Zergling x2  
  36  3:29  Overlord  
  36  3:40  Drone  
  36  3:41  Drone x3  
  40  3:45  Drone  
  41  3:49  Baneling Nest  
  41  3:50  Drone  
  41  3:51  Drone x2  
  43  3:55  Zergling x2  
  43  4:02  Zergling x8  
  48  4:06  Drone x2  
  48  4:08  Overlord  
  50  4:28  Extractor  
  49  4:33  Baneling  
  49  4:34  Baneling x10  
  49  4:35  Zergling x6  
  49  4:36  Zergling x12  
  58  4:40  Spore Crawler  
  58  4:42  Spore Crawler  
  56  4:46  Spore Crawler  
Show
View Real Time Build Order
Export as new Build Order

LilDicky Terran 

Build Orders:  

Get SALT Encoding   

  12  0:02  SCV  
  13  0:14  SCV  
  14  0:18  Supply Depot  
  14  0:26  Refinery  
  14  0:27  SCV  
  15  0:39  SCV  
  16  0:49  Barracks  
  16  0:52  SCV  
  17  1:04  SCV  
  18  1:16  SCV  
  19  1:28  SCV  
  20  1:39  Reaper  
  21  1:43  Orbital Command  
  21  1:56  Command Center  
  21  2:09  SCV  
  21  2:11  Marine  
  23  2:20  Supply Depot  
  23  2:31  Barracks Reactor  
  23  2:32  Barracks  
  23  2:37  Barracks  
  23  2:42  SCV  
  24  2:54  SCV  
  25  3:02  Bunker  
  25  3:06  SCV  
  25  3:11  Marine x2  
  25  3:12  Supply Depot  
  28  3:17  Barracks  
  28  3:19  Barracks  
  28  3:24  Barracks Tech Lab  
  27  3:30  Marine x2  
  27  3:31  Barracks Tech Lab  
  29  3:34  SCV  
  30  3:42  Orbital Command  
  30  3:46  SCV  
  31  3:50  Barracks Tech Lab  
  31  3:52  Marine x2  
  32  3:57  Marine  
  32  3:58  SCV  
  34  4:09  Barracks Reactor, Marine  
  34  4:10  Barracks Reactor  
  34  4:11  Marine  
  34  4:13  SCV  
  34  4:15  SCV  
  38  4:18  Marine  
  39  4:24  Marine  
  39  4:27  Marine  
  39  4:29  Marine  
  42  4:31  SCV  
  42  4:35  Marine  
  42  4:38  Supply Depot, SCV  
  45  4:42  Marine  
  45  4:43  SCV  
  45  4:45  Marine  
  53  4:54  Supply Depot  
Tags
 
Add a new tag
Caveats
  • Supply blocks, unpowered buildings, or Contaminate may cause inaccurate times.
  • Supply counts are checked every 10 seconds.